 Dungeon Crawl Stone Soup version 0.31-a0-236-g9a0961fb85 (webtiles) character file.

Game seed: 12608797464588372030

1663 qw the Skirmisher (level 8, -2/70 HPs)
             Began as a Minotaur Hexslinger on July 10, 2023.
             Was a Follower of Okawaru.
             Slain by a black bear (3 damage)
             ... on level 6 of the Dungeon.
             The game lasted 00:02:18 (4939 turns).

qw the Skirmisher (Minotaur Hexslinger)             Turns: 4939, Time: 00:02:18

Health: -2/70      AC: 11    Str: 13    XL:     8   Next: 69%
Magic:  5/8        EV: 13    Int: 14    God:    Okawaru [*.....]
Gold:   56         SH:  0    Dex: 13    Spells: 8/9 levels left

rFire   + . .        Y - +1 orcbow
rCold   . . .        (shield currently unavailable)
rNeg    . . .        o - +0 ring mail {rF+}
rPois   .            (helmet restricted)
rElec   .            h - scarf {repulsion}
rCorr   .            f - +2 pair of gloves
SInv    .            d - +0 pair of boots
Will    +....        (no amulet)
Stlth   ++           n - ring of willpower
HPRegen 0.31/turn    (no ring)
MPRegen 0.11/turn

%: repel missiles, clarity
@: about to teleport, heroic
A: horns 2, retaliatory headbutt, talons 1, clarity, clever 1
a: Renounce Religion, Heroism


You were on level 6 of the Dungeon.
You worshipped Okawaru.
Okawaru was aware of your devotion.
You visited 2 branches of the dungeon, and saw 7 of its levels.
You also visited: Sewer.

You collected 356 gold pieces.
You spent 300 gold pieces at shops.


Innate Abilities, Weirdness & Mutations

You have a pair of horns on your head.
You reflexively headbutt those who attack you in melee.
You have sharp toenails.
You possess an exceptional clarity of mind.
Your mind is acute. (Int +4, Str/Dex -1)


   Skills:
 + Level 6.0(11.0) Fighting
 - Level 10.1(15.1) Ranged Weapons
 - Level 3.4(8.4) Armour
 - Level 3.0(8.0) Dodging
 - Level 1.0 Spellcasting
 - Level 2.0 Hexes
 + Level 1.2 Invocations


You had 8 spell levels left.
You knew the following spells:

 Your Spells              Type           Power      Damage    Failure   Level
a - Slow                  Hex            24%        N/A       22%         1

Your spell library contained the following spells:

 Spells                   Type           Power      Damage    Failure   Level
 Inner Flame              Hex/Fire       3%         N/A       67%         3
 Portal Projectile        Hex/Tloc       6%         N/A       67%         3
 Cause Fear               Hex            3%         N/A       91%         4

Inventory:

Hand Weapons
 Y - a +1 orcbow (weapon)
Armour
 d - a +0 pair of boots (worn)
 f - a +2 pair of gloves (worn)
 h - a scarf of repulsion (worn)
 o - a +0 ring mail of fire resistance (worn)
Jewellery
 g - a ring of ice
 n - a ring of willpower (left hand)
 q - a ring of ice
Wands
 v - a wand of digging (2)
Scrolls
 e - 6 scrolls of teleportation
 m - 3 scrolls of identify
Potions
 a - 2 potions of heal wounds
 b - 5 potions of enlightenment
 c - a potion of curing
 i - 3 potions of mutation
 j - a potion of magic
 k - a potion of resistance
 l - a potion of berserk rage {unknown}
 p - 2 potions of might
 r - a potion of degeneration {unknown}
 s - a potion of invisibility {unknown}
 t - a potion of ambrosia {unknown}

Dungeon Overview and Level Annotations

Branches:
Dungeon (6/15)             Temple (1/1) D:5           Sewer (visited)

Altars:
Ashenzari
Cheibriados
Elyvilon
Fedhas
Makhleb
Okawaru
Qazlal
Trog
Uskayaw
Wu Jian
Xom
Yredelemnul
The Shining One

Shops:
D:6 =*


Message History

You feel sick. The ufetubus closely misses you. You furiously retaliate!
You headbutt the ufetubus. The ufetubus closely misses you.
The black bear bites you but does no damage.
The black bear misses you. x2
The orc warrior hits you but does no damage.
The ufetubus barely misses you. The ufetubus hits you.
You shoot an arrow. The arrow hits the ufetubus.
The ufetubus is almost dead.
You feel sick. The ufetubus barely misses you. You furiously retaliate!
You headbutt the ufetubus.
You kill the ufetubus!
Okawaru accepts your kill.
The black bear bites you but does no damage.
The black bear barely misses you.
The black bear claws you but does no damage.
The orc warrior closely misses you.
You shoot an arrow. The arrow hits the black bear!
The black bear is heavily wounded.
You feel sick. The orc warrior barely misses you.
The black bear closely misses you.
The black bear claws you but does no damage. x2
You shoot an arrow. The arrow barely misses the black bear.
You feel sick.
You shoot an arrow. The arrow barely misses the black bear.
The black bear bites you but does no damage.
The black bear claws you but does no damage.
The black bear closely misses you.
The orc warrior hits you from afar with a +0 halberd.
The shadow imp misses you.
You shoot an arrow. The arrow hits the black bear!
The black bear is almost dead.
You feel sick.
The black bear goes berserk!
The orc warrior hits you from afar with a +0 halberd!
4939 ||| READING 7 scrolls of teleportation.
As you read the scroll of teleportation, it crumbles to dust.
You feel strangely unstable.
You feel sick.
You are no longer poisoned.
The black bear bites you! The black bear claws you.
You die...

.##
###....####.)##...#
..#
###..........##..##
..###..........####..#
.....%..######.## #.##
.........# #..# ###
..##......# ##.##
..####.....# #..# .##
##.....# ##.## .#
##.....# #@5### ##
##.... ##h..# # #..
#o..# .#...# 5. ..##
S.? ... .~.. ....
00~#. ..... 00.~#.
.....#


You could see an orc warrior, a black bear (berserk) and a shadow imp.

Vanquished Creatures
  2 water moccasins (D:6)
  An ice beast (D:5)
  3 phantoms
  5 scorpions
  2 hounds (D:5)
  2 jellies (D:6)
  An orc priest (D:5)
  2 gnoll boudas (D:4)
  A sleepcap (D:5)
  6 iguanas
  5 orc wizards
  A sickly merfolk siren (Sewer)
  A malarious merfolk avatar (Sewer)
  7 gnolls
  7 adders
  2 river rats (Sewer)
  2 shadow imps (D:5)
  A white imp (D:5)
  2 ufetubi
  4 dart slugs
  13 orcs
  5 endoplasms
  7 giant cockroaches
  7 goblins
  6 hobgoblins
  A jackal (D:5)
  5 kobolds
  3 quokkas
  14 ball pythons
  4 bats
  10 frilled lizards
  20 rats
152 creatures vanquished.

Notes
Turn   | Place    | Note
-------+----------+-------------------------------------------
     0 | D:1      | qw the Minotaur Hexslinger began the quest for the Orb.
     0 | D:1      | Reached XP level 1. HP: 16/16 MP: 1/1
     0 | D:1      | 0 ||| qw: Version: 0.3-a-52-g30416fa
     0 | D:1      | 0 ||| qw: Game counter: 4895
     0 | D:1      | 0 ||| qw: Melee chars always use a shield: true
     0 | D:1      | 0 ||| qw: God list: Okawaru
     0 | D:1      | 0 ||| qw: Allow faded altars: false
     0 | D:1      | 0 ||| qw: Do Orc after clearing Dungeon:15 true
     0 | D:1      | 0 ||| qw: Do second Lair branch before Depths: true
     0 | D:1      | 0 ||| qw: Lair rune preference: random
     0 | D:1      | 0 ||| qw: Goals: Normal
     0 | D:1      | 0 ||| PLANNING D:1-11
   208 | D:1      | Reached skill level 3 in Ranged Weapons
   208 | D:1      | Reached XP level 2. HP: 23/23 MP: 2/2
   440 | D:1      | 440 ||| UPGRADING to +0 pair of boots.
   445 | D:1      | 445 ||| UPGRADING to +0 pair of gloves.
   450 | D:1      | 450 ||| UPGRADING to amulet of guardian spirit.
   455 | D:1      | 455 ||| READING scroll labelled YMEAZADERE.
   458 | D:1      | 458 ||| DROPPING scroll of poison.
   865 | D:2      | Found a shimmering altar of Xom.
   959 | D:2      | Reached XP level 3. HP: 16/29 MP: 1/3
  1033 | D:2      | 1033 ||| SWAPPING to +0 orcbow.
  1036 | D:2      | 1036 ||| DROPPING +1 sling.
  1128 | D:2      | 1128 ||| UPGRADING to scarf of repulsion.
  1133 | D:2      | 1133 ||| READING scroll labelled XOPOUG SOKUSU.
  1188 | D:3      | Reached skill level 4 in Ranged Weapons
  1492 | D:3      | Reached XP level 4. HP: 33/36 MP: 4/4
  1719 | D:3      | 1719 ||| UPGRADING to +0 leather armour.
  1729 | D:3      | 1729 ||| DROPPING +0 robe.
  1730 | D:3      | 1730 ||| UPGRADING to +0 ring mail.
  1740 | D:3      | 1740 ||| DROPPING +0 leather armour.
  1741 | D:3      | 1741 ||| UPGRADING to +0 ring mail of fire resistance.
  1751 | D:3      | 1751 ||| DROPPING +0 ring mail.
  1752 | D:3      | 1752 ||| READING 2 scrolls labelled XUENUIFUYRGH.
  1753 | D:3      | 1753 ||| READING 3 scrolls labelled ZICOMUXIONT.
  1754 | D:3      | 1754 ||| READING 2 scrolls of enchant armour.
  1754 | D:3      | 1754 ||| ENCHANTING +0 pair of gloves.
  1755 | D:3      | 1755 ||| READING scroll of enchant armour.
  1755 | D:3      | 1755 ||| ENCHANTING +1 pair of gloves.
  1756 | D:3      | 1756 ||| DRINKING 2 cyan potions.
  1756 | D:3      | Gained mutation: Your mind is acute. (Int +4, Str/Dex -1)
                  | [potion of mutation]
  1756 | D:3      | Gained mutation: You have sharp toenails. [potion of
                  | mutation]
  1756 | D:3      | Gained mutation: You possess an exceptional clarity of
                  | mind. [potion of mutation]
  1778 | D:4      | 1778 ||| PLANNING SEWER
  1786 | D:4      | 1786 ||| STAIRDANCE
  1787 | D:4      | Reached skill level 1 in Armour
  1873 | D:4      | Reached skill level 5 in Ranged Weapons
  1877 | D:4      | Reached XP level 5. HP: 39/41 MP: 5/5
  1930 | D:4      | Found a glowing drain.
  1931 | D:4      | 1931 ||| DROPPING ring of flight.
  1932 | D:4      | 1932 ||| DRINKING 2 murky clear potions.
  1947 | D:4      | Reached skill level 3 in Fighting
  2009 | Sewer    | Entered a sewer
  2216 | Sewer    | 2216 ||| Stepping ~*~*~tactically~*~*~ (water).
  2218 | Sewer    | 2218 ||| Stepping ~*~*~tactically~*~*~ (water).
  2239 | Sewer    | Reached skill level 6 in Ranged Weapons
  2309 | Sewer    | 2309 ||| Stepping ~*~*~tactically~*~*~ (water).
  2319 | Sewer    | Reached XP level 6. HP: 51/51 MP: 6/6
  2388 | Sewer    | 2388 ||| UPGRADING to ring of willpower.
  2389 | Sewer    | 2389 ||| READING scroll labelled QAASIS LICISCH.
  2413 | D:4      | 2413 ||| PLANNING D:1-11
  2931 | D:4      | 2931 ||| READING scroll labelled GINWU WETHOBY.
  2932 | D:4      | 2932 ||| READING scroll labelled NINWEY AMAT.
  2933 | D:4      | 2933 ||| DRINKING 3 fizzy coppery potions.
  2934 | D:4      | 2934 ||| READING 2 scrolls of identify.
  2934 | D:4      | 2934 ||| IDENTIFYING bubbling brown potion
  2993 | D:5      | Entered Level 5 of the Dungeon
  2997 | D:5      | 2997 ||| STAIRDANCE
  3053 | D:5      | 3053 ||| STAIRDANCE
  3196 | D:5      | 3196 ||| STAIRDANCE
  3202 | D:4      | Reached skill level 7 in Ranged Weapons
  3255 | D:5      | 3255 ||| STAIRDANCE
  3282 | D:5      | 3282 ||| STAIRDANCE
  3363 | D:5      | 3363 ||| STAIRDANCE
  3466 | D:5      | Reached XP level 7. HP: 59/59 MP: 7/7
  3467 | D:5      | 3467 ||| Stepping ~*~*~tactically~*~*~ (outnumbered).
  3765 | D:5      | Reached skill level 8 in Ranged Weapons
  3950 | D:5      | 3950 ||| Stepping ~*~*~tactically~*~*~ (outnumbered).
  3976 | D:5      | Reached skill level 9 in Ranged Weapons
  3980 | D:5      | Reached XP level 8. HP: 54/68 MP: 6/8
  4058 | D:5      | Found a staircase to the Ecumenical Temple.
  4059 | D:5      | 4059 ||| PLANNING TEMPLE
  4059 | D:5      | 4059 ||| READING scroll labelled WIVIUGIV KAFUA.
  4060 | D:5      | 4060 ||| READING scroll labelled YLEHAVV YKOGU.
  4081 | Temple   | Entered the Ecumenical Temple
  4082 | Temple   | 4082 ||| PLANNING OKAWARU WORSHIP
  4098 | Temple   | Became a worshipper of Warmaster Okawaru
  4099 | Temple   | 4099 ||| PLANNING D:1-11
  4099 | Temple   | 4099 ||| REMOVING amulet of guardian spirit.
  4104 | Temple   | 4104 ||| DROPPING amulet of guardian spirit.
  4350 | D:5      | 4350 ||| DRINKING 2 dark potions.
  4351 | D:5      | 4351 ||| READING 2 scrolls of identify.
  4351 | D:5      | 4351 ||| IDENTIFYING white potion
  4377 | D:6      | Found a stormy altar of Qazlal.
  4385 | D:6      | 4385 ||| STAIRDANCE
  4389 | D:5      | Reached skill level 6 in Fighting
  4652 | D:6      | Found Hallet's Jewellery Shoppe.
  4823 | D:6      | 4823 ||| SHOPLISTING amulet of faith (480 gold, have 342).
  4823 | D:6      | 4823 ||| SHOPLISTING amulet of regeneration (360 gold, have
                  | 342).
  4823 | D:6      | 4823 ||| BUYING ring of ice (300 gold).
  4823 | D:6      | Bought a ring of ice for 300 gold pieces
  4823 | D:6      | 4823 ||| SHOPLISTING ring of resist corrosion (240 gold,
                  | have 42).
  4836 | D:6      | Reached * piety under Okawaru
  4837 | D:6      | Reached skill level 10 in Ranged Weapons
  4869 | D:6      | Found Lojyest's General Store.
  4874 | D:6      | 4874 ||| INVOKING Heroism.
  4877 | D:6      | Reached skill level 1 in Invocations
  4920 | D:6      | 4920 ||| INVOKING Heroism.
  4924 | D:6      | Reached skill level 3 in Dodging
  4930 | D:6      | 4930 ||| Stepping ~*~*~tactically~*~*~ (outnumbered).
  4933 | D:6      | Reached skill level 3 in Armour
  4933 | D:6      | 4933 ||| INVOKING Heroism.
  4938 | D:6      | HP: 9/70 [orc warrior/+0 halberd (16)]
  4939 | D:6      | 4939 ||| READING 7 scrolls of teleportation.
  4939 | D:6      | HP: 1/70 [black bear (7)]
  4939 | D:6      | Slain by a black bear

Levels and vault maps discovered:
D:1:      saegor_arrival_simple_a, layout_basic, minmay_pentomino_u4
D:2:      layout_loops_ring, basic_altar, minmay_split_cup_large
D:3:      layout_loops_cross
D:4:      layout_loops_ring, cheibrodos_sewer_entry_sluice
D:5:      layout_gridville, minmay_temple_entry_trees, serial_bayou_pond_b,
          nicolae_grassy_gnolls
D:6:      layout_cave_pods, lemuel_round_altar, vehumet_statue,
          xom_confusion_cloud, serial_shops, nicolae_shop_gaudy_bauble,
          nicolae_square_shop
Temple:   minmay_freezing_vapour_temple

Skill      XL: |  1  2  3  4  5  6  7  8 |
---------------+-------------------------+-----
Ranged Weapons | 3 4 5 6 7 9 10 | 10.1
Fighting       | 2 3 4 5 6 |  6.0
Armour         | 1 2 3 |  3.4
Invocations    | 1 |  1.2
Dodging        | 3 |  3.0
Spellcasting   | |  1.0
Hexes          | |  2.0

Action                     |  1- 3 |  4- 6 |  7- 9 || total
---------------------------+-------+-------+-------++-------
   Fire: Sling             |    56 |       |       ||    56
         Orcbow            |    31 |   223 |   206 ||   460
 Invoke: Heroism           |       |       |     3 ||     3
    Use: Scroll            |     2 |     8 |     4 ||    14
         Potion            |       |     3 |     1 ||     4
 Armour: Robe              |    15 |     1 |       ||    16
         Ring mail         |       |    70 |    99 ||   169
  Dodge: Dodged            |    31 |    96 |   112 ||   239
         Repelled          |       |     1 |     4 ||     5

Table legend:
 A = Non-vault XP
 B = Vault XP
 C = Vault XP percentage of total XP
 D = Non-vault monster count
 E = Vault monster count
 F = Vault count percentage of total count
                 A         B        C        D         E       F
            +---------+---------+-------+---------+---------+-------
      Total |    1659 |     717 |  30.2 |      94 |      58 |  38.2
            +---------+---------+-------+---------+---------+-------
        D:1 |      13 |       3 |  18.8 |       9 |       2 |  18.2
        D:2 |      24 |      17 |  41.5 |      13 |       4 |  23.5
        D:3 |      54 |       0 |   0.0 |      15 |       0 |   0.0
        D:4 |     316 |      97 |  23.5 |      25 |       6 |  19.4
        D:5 |     795 |     276 |  25.8 |      24 |       8 |  25.0
        D:6 |     457 |     186 |  28.9 |       8 |       3 |  27.3
      Sewer |       0 |     138 | 100.0 |       0 |      35 | 100.0
            +---------+---------+-------+---------+---------+-------
